 Dungeon Crawl Stone Soup version 0.24.1 (webtiles) character file.

Game seed: 17476133179458946857, levelgen mode: deterministic

57 Destapler the Skirmisher (level 4, 0/40 HPs)
             Began as a Ghoul Monk on Mar 29, 2020.
             Was a Believer of Ashenzari.
             Slain by Sigmund
             ... wielding a +0 scythe
              (2 damage)
             ... on level 2 of the Dungeon.
             The game lasted 00:08:48 (995 turns).

Destapler the Skirmisher (Ghoul Monk)                Turns: 995, Time: 00:08:49

Health: 0/40       AC:  7    Str: 14    XL:     4   Next: 0%
Magic:  3/3        EV: 10    Int:  5    God:    Ashenzari [**....]
Gold:   104        SH:  0    Dex: 12    Spells: 3/3 levels left

rFire    . . .     SeeInvis .   p - +0 falchion (elec)
rCold    + . .     Gourm    .   (no shield)
rNeg     + + +     Faith    .   q - +0 scale mail
rPois    ∞         Spirit   .   (no helmet)
rElec    .         Reflect  .   (no cloak)
rCorr    .         Harm     .   (no gloves)
MR       .....                  l - +0 pair of boots
Stlth    +.........             k - amulet of regeneration
HPRegen  0.00/turn              g - ring of stealth
MPRegen  0.08/turn              (no ring)

@: confused, flying, rotting, hasted, very quick
A: rotting body, claws 1, carnivore, cold resistance 1, negative energy
resistance 3, inhibited regeneration, torment resistance, unbreathing
a: Curse Item, Scrying, Renounce Religion


You were on level 2 of the Dungeon.
You worshipped Ashenzari.
Ashenzari was pleased with you.
You were not hungry.

You visited 1 branch of the dungeon, and saw 2 of its levels.

You collected 104 gold pieces.

Inventory:

Hand Weapons
 p - a +0 falchion of electrocution (weapon)
Missiles
 d - 40 stones (quivered)
Armour
 a - a +0 robe
 l - a +0 pair of boots (worn)
 q - a +0 scale mail (worn)
Jewellery
 g - a ring of stealth (left claw)
 k - an amulet of regeneration (around neck)
 o - an uncursed ring of fire
Scrolls
 f - a scroll of teleportation {unknown}
 j - 2 scrolls of identify {unknown}
Potions
 c - a potion of berserk rage {unknown}
 e - a potion of agility {unknown}
 h - 4 potions of curing {unknown}
 m - 3 potions of brilliance {unknown}
Comestibles
 b - 4 rations
 i - 8 chunks of flesh


   Skills:
 + Level 4.1 Fighting
 + Level 0.0 Long Blades
 + Level 0.9 Armour
 - Level 3.0 Dodging
 + Level 3.3 Stealth
 - Level 3.2 Unarmed Combat


You had 3 spell levels left.
You didn't know any spells.
Your spell library was empty.

Dungeon Overview and Level Annotations

Branches:
Dungeon (2/15)

Altars:
Ashenzari

Annotations:
D:2 Sigmund


Innate Abilities, Weirdness & Mutations

Your body is rotting away.
You thrive on raw meat.
You are immune to poison.
You have sharp fingernails.
You are carnivorous and can eat meat at any time.
Your flesh is cold resistant. (rC+)
You are immune to negative energy. (rN+++)
You do not regenerate when monsters are visible.
You are immune to unholy pain and torment.
You can survive without breathing.


Message History

You fly up into the air.
It was a potion of haste.
You feel yourself speed up. Sigmund hits you with a +0 scythe.
* * * LOW HITPOINT WARNING * * *
You barely miss Sigmund.
Sigmund is lightly wounded.
Sigmund points at you and mumbles some strange words.
You are confused.
You bump into the rock wall.
You closely miss Sigmund.
Sigmund is lightly wounded.
Sigmund points at you and mumbles some strange words.
The puff of flame hits you.
* * * LOW HITPOINT WARNING * * *
Some of the chunks of flesh in your inventory have rotted away.
You bump into the rock wall.
Sigmund barely misses you.
You closely miss Sigmund.
Sigmund is lightly wounded.
You're too confused to move!
Sigmund hits you with a +0 scythe.
You die...

########.########.......##..
#........##### #.#.######.#
#........>...####.#...####.#
#......#####......(##......#
#......# ######...#.....##
######## #.#.<......#
#######* #.#####.....
#......######.#####..... *
*#.@@................ *
#.##.........#...... * ,,
#.......>.........#. ,
####.........##...#. ,⌠
*#.................. *
,..#####)####....... * ###
##...........# *
#.....(......#
#.#..........#


You could see Sigmund.

Vanquished Creatures
  Terence (D:2)
  A leopard gecko (D:2)
  4 bats
  A giant cockroach (D:1)
  4 goblins
  5 hobgoblins
  3 jackals (D:2)
  A frilled lizard (D:1)
  5 kobolds (D:1)
  3 rats
28 creatures vanquished.

Notes
Turn   | Place    | Note
-------+----------+-------------------------------------------
     0 | D:1      | Destapler the Ghoul Monk began the quest for the Orb.
     0 | D:1      | Reached XP level 1. HP: 19/19 MP: 0/0
   371 | D:1      | Reached XP level 2. HP: 26/26 MP: 1/1
   704 | D:2      | Found a shattered altar of Ashenzari.
   755 | D:2      | Reached XP level 3. HP: 33/33 MP: 2/2
   803 | D:2      | Noticed Terence
   804 | D:2      | Noticed Sigmund
   813 | D:2      | Killed Terence
   813 | D:2      | Reached skill level 4 in Fighting
   851 | D:2      | Became a worshipper of Ashenzari the Shackled
   851 | D:2      | Reached * piety under Ashenzari
   851 | D:2      | Reached ** piety under Ashenzari
   903 | D:2      | Reached XP level 4. HP: 40/40 MP: 3/3
   992 | D:2      | HP: 2/40 [Sigmund/puff of flame (5)]
   995 | D:2      | Slain by Sigmund

Levels and vault maps discovered:
D:1:      tarquinn_simple_flora_water_a, layout_rooms, glass_columns_a,
          serial_bayou_ford_a, minmay_large_rounded_square, minmay_cut_off
D:2:      layout_rooms, ashenzari_altar_1, hangedman_feature_mirror,
          minmay_worlds_worst_comb, uniq_terence, uniq_sigmund

Skill      XL: |  1  2  3 |
---------------+----------+-----
Dodging        | 3 |  3.0
Stealth        | 3 |  3.3
Fighting       | 4 |  4.1
Armour         | |  0.9
Unarmed Combat | |  3.2

Action                   |  1- 3 |  4- 6 || total
-------------------------+-------+-------++-------
Melee: Unarmed           |    64 |       ||    64
       Punch             |     1 |       ||     1
       Falchion          |    10 |    13 ||    23
  Use: Potion            |       |     2 ||     2
 Stab: Sleeping          |     4 |       ||     4
  Eat: Chunk             |     6 |       ||     6
Armor: Robe              |     4 |       ||     4
       Scale mail        |     4 |       ||     4
Dodge: Dodged            |    48 |     6 ||    54
       Rpst.: Falchion   |     3 |       ||     3
